 Dungeon Crawl Stone Soup version 0.30-a0-223-gcb0039aa0c (webtiles) character file.

Game seed: 9318248767415112109

553 mandarbmax the Conjurer (level 7, 0/38 (42) HPs)
             Began as a Tengu Reaver on Oct 9, 2022.
             Killed by nerve-wracking pain
             ... invoked by Menkaure
              (14 damage)
             ... on level 5 of the Dungeon.
             The game lasted 00:10:48 (3998 turns).

mandarbmax the Conjurer (Tengu Reaver)              Turns: 3998, Time: 00:10:48

HP:   0/38 (42)     AC:  7    Str: 20    XL:     7   Next: 29%
MP:   3/11          EV: 14    Int: 14    God:
Gold: 287           SH:  0    Dex: 12    Spells: 4/10 levels left

rFire   . . .      SeeInvis .    s - +2 quarterstaff (chaos)
rCold   . . .      Faith    .    (shield currently unavailable)
rNeg    . . .      Spirit   .    g - +0 ring mail
rPois   .          Reflect  .    (helmet restricted)
rElec   .          Harm     .    r - +1 cloak
rCorr   .          Rampage  .    (no gloves)
Will    .....                    (boots unavailable)
Stlth   +.........               (no amulet)
HPRegen 0.26/turn                q - +6 ring of strength
MPRegen 0.12/turn                (no ring)

@: immotile, flying quickly and evasively, very slightly contaminated, drained,
quick
A: beak, talons 3, nimble flight
a: no special abilities


You were on level 5 of the Dungeon.
You visited 1 branch of the dungeon, and saw 5 of its levels.

You collected 287 gold pieces.

Inventory:

Hand Weapons
 a - a +0 spear
 s - a +2 quarterstaff of chaos (weapon)
Armour
 f - a +0 scale mail
 g - a +0 ring mail (worn)
 r - a +1 cloak (worn)
Jewellery
 m - a ring of fire
 q - a +6 ring of strength (left hand)
Wands
 p - a wand of digging (2)
Scrolls
 b - a scroll of acquirement {unknown}
 h - 5 scrolls of teleportation
 j - a scroll of noise {unknown}
 t - a scroll of immolation {unknown}
Potions
 c - 2 potions of curing
 d - 2 potions of magic
 e - a potion of might
 i - a potion of brilliance {unknown}
 k - a potion of mutation {unknown}
 o - a potion of flight {unknown}
 u - a potion of resistance {unknown}


   Skills:
 + Level 3.7 Fighting
 - Level 4.0(5.1) Polearms
 + Level 4.9(5.6) Staves
 - Level 2.0 Armour
 - Level 3.0 Dodging
 - Level 2.0 Spellcasting
 - Level 6.0 Conjurations


You had 4 spell levels left.
You knew the following spells:

 Your Spells              Type           Power      Damage    Failure   Level
a - Kiss of Death         Conj/Necr      36%        2d8       12%         1
b - Momentum Strike       Conj/Tloc      18%        3d8       17%         2
c - Hailstorm             Conj/Ice       9%         3d4       34%         3

Your spell library contained the following spells:

 Spells                   Type           Power      Damage    Failure   Level
 Sublimation of Blood     Necr           1%         N/A       52%         2
 Petrify                  Tmut/Erth      1%         N/A       98%         4
 Irradiate                Conj/Tmut      4%         3d13      97%         5


Dungeon Overview and Level Annotations

Branches:
Dungeon (5/15)
 Temple: D:4-7

Altars:
Dithmenos
Uskayaw

Shops:
D:1 *

Annotations:
D:5 Menkaure


Innate Abilities, Weirdness & Mutations

You have a beak for a mouth.
You have claws for feet.
Your magical nature lets you fly swiftly and evasively.


Message History

Menkaure, Prince of Dust comes into view.
Casting: Momentum Strike (safe; 17% risk of failure)
Confirm with . or Enter, or press ? or * to list all spells.
You can't see any susceptible monsters within range! (Use Z to cast anyway.)
Casting: Momentum Strike (safe; 17% risk of failure)
Confirm with . or Enter, or press ? or * to list all spells.
The spell is quite dangerous to miscast (34% risk of failure)!
Continue anyway?
Casting: Hailstorm (quite dangerous; 34% risk of failure)
Press: ? - help, Dir - look around, f - activate You miscast Hailstorm.
You are very lightly contaminated with residual magic.
Sparks fly from your hands!
Unknown command.
Casting: Hailstorm (quite dangerous; 34% risk of failure)
Confirm with . or Enter, or press ? or * to list all spells.
Aiming: Momentum Strike (safe; 17% risk of failure)
Press: ? - help, Dir - move target, f - Menkaure
Aim: Menkaure (85% to hit)
The concentrated momentum hits Menkaure!
You are unable to move.
Menkaure calls on the powers of darkness!
Your body is wracked with pain!
* * * LOW HITPOINT WARNING * * *
You feel better.
Unknown command.
Okay, then.
Okay, then.
Okay, then.
Okay, then.
Casting: Momentum Strike (safe; 17% risk of failure)
Confirm with . or Enter, or press ? or * to list all spells.
The spell is quite dangerous to miscast (34% risk of failure)!
Continue anyway?
Casting: Hailstorm (quite dangerous; 34% risk of failure)
Press: ? - help, Dir - look around, f - activate A cannonade of hail descends around you!
The hail pelts Menkaure.
Menkaure partially resists.
Menkaure is severely damaged.
Menkaure casts a spell at you. Pain shoots through your body!
You die...

#.....##†..# (. #....###
.####.#.## .#....#.#
........# ..####### ####
....########## #...#..
###..))......####.......
##########....@.M.....
#####..$..... #........
##....... #...#.. #.## #
.# .#


You could see Menkaure.

Vanquished Creatures
  An ice beast (D:5)
  A phantom (D:5)
  A scorpion (D:5)
  2 howler monkeys
  2 hounds
  2 orc wizards (D:4)
  3 gnolls (D:5)
  An adder (D:5)
  An ufetubus (D:5)
  2 worms
  A dart slug (D:2)
  An orc (D:4)
  2 ball pythons
  3 bats
  An endoplasm (D:1)
  2 hobgoblins (D:1)
  8 jackals
  A goblin (D:2)
  A kobold (D:1)
  4 rats
40 creatures vanquished.

Vanquished Creatures (others)
  Grinder (D:3)
  An ogre (D:5)
  Crazy Yiuf (D:3)
  3 adders
  An orc (D:4)
  2 ball pythons
  5 bats
  2 endoplasms
  3 giant cockroaches
  A goblin (D:2)
  2 hobgoblins
  2 jackals (D:1)
  4 kobolds
  2 quokkas
  A frilled lizard (D:2)
  2 rats (D:1)
  A fungus (D:3)
  3 plants (D:1)
37 creatures vanquished.

Grand Total: 77 creatures vanquished

Notes
Turn   | Place    | Note
-------+----------+-------------------------------------------
     0 | D:1      | mandarbmax the Tengu Reaver began the quest for the Orb.
     0 | D:1      | Reached XP level 1. HP: 12/12 MP: 4/4
   186 | D:1      | Found Qepi's Assorted Antiques.
   204 | D:1      | Reached XP level 2. HP: 17/17 MP: 6/6
   207 | D:1      | Learned a level 2 spell: Momentum Strike
  1212 | D:2      | Found a hide-covered altar of Uskayaw.
  1240 | D:2      | Reached XP level 3. HP: 21/21 MP: 2/7
  1244 | D:2      | Learned a level 3 spell: Hailstorm
  2224 | D:3      | Found a faded altar of an unknown god.
  2274 | D:3      | Noticed Grinder
  2284 | D:3      | Killed Grinder
  2285 | D:3      | Reached skill level 1 in Armour
  2285 | D:3      | Reached XP level 4. HP: 18/26 MP: 3/8
  2468 | D:3      | Reached skill level 5 in Conjurations
  2908 | D:3      | Found a runed translucent door.
  2909 | D:3      | Noticed Crazy Yiuf
  2925 | D:3      | Killed Crazy Yiuf
  2926 | D:3      | Gained mutation: Your magical nature lets you fly swiftly
                  | and evasively. [Tengu growth]
  2926 | D:3      | Reached XP level 5. HP: 24/27 MP: 5/9
  3200 | D:4      | Found a shadowy altar of Dithmenos.
  3447 | D:4      | Reached skill level 1 in Staves
  3447 | D:4      | Reached skill level 6 in Conjurations
  3871 | D:5      | Entered Level 5 of the Dungeon
  3888 | D:5      | Reached XP level 6. HP: 22/35 MP: 5/10
  3903 | D:5      | Noticed an ice beast
  3934 | D:5      | Killed an ice beast
  3949 | D:5      | Reached XP level 7. HP: 16/41 MP: 1/11
  3992 | D:5      | Noticed Menkaure
  3998 | D:5      | Killed from afar by Menkaure

Illustrated notes

Levels and vault maps discovered:
D:1:      lightli_arrival_boilingwater, layout_basic, serial_shops,
          nicolae_shop_statue_plus, st_stairs_14,
          chequers_serial_rivers_small_3, nicolae_kite_square_tiling_tiny,
          minmay_misc_feat_x, serial_bayou_pond_a
D:2:      layout_loops_ring, basic_altar, minmay_hedge_maze
D:3:      layout_loops_ring, basic_ecumenical_altar, uniq_crazy_yiuf_cottage,
          uniq_grinder
D:4:      layout_basic, grunt_dithmenos_smoke_and_mirrors, minmay_statues_item
D:5:      layout_rooms, overflow_temple_1_default, portal_sewer_entry_a,
          uniq_blork_the_orc, uniq_menkaure

Skill      XL: |  1  2  3  4  5  6 |
---------------+-------------------+-----
Polearms       | 4 |  4.0
Dodging        | 3 |  3.0
Armour         | 1 2 |  2.0
Conjurations   | 5 6 |  6.0
Staves         | 3 4 |  4.9
Fighting       | 3 |  3.7
Spellcasting   | |  2.0

Action                   |  1- 3 |  4- 6 |  7- 9 || total
-------------------------+-------+-------+-------++-------
Melee: Spear             |    70 |     8 |       ||    78
       Kick              |    16 |    10 |     2 ||    28
       Peck              |     8 |     8 |     1 ||    17
       Quarterstaff      |       |    45 |     8 ||    53
 Cast: Momentum Strike   |    35 |    16 |     3 ||    54
       Kiss of Death     |       |     2 |     1 ||     3
       Hailstorm         |       |     2 |     1 ||     3
Evoke: Wand              |       |     1 |       ||     1
  Use: Scroll            |     4 |     3 |       ||     7
       Potion            |       |     1 |     2 ||     3
Armor: Leather armour    |    19 |     1 |       ||    20
       Ring mail         |       |     6 |     2 ||     8
       Skin              |       |    14 |       ||    14
Dodge: Dodged            |    40 |    33 |     5 ||    78

Table legend: (Time is in decaauts)
 A = Elapsed time spent in this place.
 B = Non-inter-level travel time spent in this place.
 C = Inter-level travel time spent in this place.
 D = Time resting spent in this place.
 E = Time spent auto-exploring this place.
 F = Levels seen in this place.
 G = Mean time per level.
                   A        B        C        D        E       F      G
               +--------+--------+--------+--------+--------+-----+--------+
         Total |   3922 |   3771 |    151 |     93 |   3153 |   5 |  784.4 |
       Dungeon |   3922 |   3771 |    151 |     93 |   3153 |   5 |  784.4 |
               +--------+--------+--------+--------+--------+-----+--------+

Top non-repeatable levels by time:
     D:2: 1159 daAuts
     D:3: 941 daAuts
     D:1: 907 daAuts
     D:4: 788 daAuts
     D:5: 125 daAuts
